Map: Overgrowth LE (Void)

Players

INnoVation - Winner!

  • Race: Terran Terran
  • Spawn Location: 7:00

Trust

  • Race: Protoss Protoss
  • Spawn Location: 1:00

Event: IEM Season 11 - Gyeonggi

VOD

Have the link to the VOD?

Description

Time

  • Played on: Dec. 14, 2016, 9:02 p.m.
  • Length: 9:40

All games in this series

Show
View Real Time Build Order
Export as new Build Order

INnoVation Terran - Winner!

Build Orders: Reaper Expand, MMM Bio 

Get SALT Encoding   

  12  0:00  SCV  
  13  0:12  SCV  
  14  0:16  Supply Depot  
  14  0:24  SCV  
  14  0:27  Refinery  
  15  0:38  SCV  
  16  0:43  Barracks  
  16  0:50  SCV  
  17  1:02  SCV  
  18  1:14  SCV  
  19  1:29  Orbital Command  
  19  1:30  Reaper  
  20  1:40  Command Center  
  20  1:49  Factory  
  20  1:55  SCV  
  20  2:00  Refinery  
  21  2:05  Barracks Reactor  
  21  2:07  SCV  
  22  2:12  Supply Depot  
  22  2:19  SCV  
  23  2:33  SCV  
  23  2:35  Starport  
  24  2:40  Widow Mine  
  24  2:41  Marine x2  
  28  2:46  SCV  
  29  2:52  Orbital Command  
  29  2:58  SCV  
  29  2:59  Marine x2  
  31  3:09  Widow Mine  
  31  3:11  SCV, Medivac  
  36  3:17  Marine x2  
  36  3:18  SCV  
  39  3:23  SCV  
  39  3:25  Supply Depot  
  40  3:31  Barracks  
  40  3:34  SCV  
  40  3:35  SCV  
  40  3:37  Marine x2  
  44  3:45  Factory Tech Lab  
  44  3:46  SCV  
  44  3:47  SCV  
  46  3:48  Supply Depot  
  46  3:55  Marine x2  
  47  3:58  SCV  
  47  3:59  SCV  
  46  4:07  Barracks  
  46  4:10  SCV, Factory Tech Lab  
  46  4:11  SCV  
  46  4:14  Marine x2  
  50  4:19  Engineering Bay  
  50  4:23  SCV  
  50  4:24  SCV  
  52  4:26  Marine, Stimpack  
  51  4:36  SCV x2  
  50  4:43  Starport Reactor  
  50  4:47  Marine x2  
  50  4:48  Terran Infantry Weapons Level 1, SCV x2  
  50  4:50  Factory Reactor  
  50  4:51  Marine  
  55  4:53  Supply Depot  
  55  4:55  Refinery  
  55  5:00  SCV x2  
  55  5:03  Missile Turret, Combat Shields  
  57  5:08  Marine x4  
  57  5:12  SCV  
  62  5:14  SCV  
  62  5:15  Supply Depot  
  62  5:16  Supply Depot  
  63  5:24  SCV  
  63  5:26  SCV, Widow Mine x2  
  69  5:28  Marine  
  70  5:37  Marine x3, Refinery, Medivac x2, SCV  
  70  5:38  SCV  
  70  5:42  Supply Depot  
  79  5:46  Marine  
  81  5:50  SCV x2  
  81  5:54  Marine x2, Widow Mine, Supply Depot  
  86  5:58  Liberator x2  
  86  6:03  Marine, Widow Mine, SCV x2  
  86  6:04  Marine  
  91  6:05  Supply Depot  
  92  6:12  Marine x2  
  92  6:16  Supply Depot  
  100  6:23  Widow Mine  
  102  6:26  Marine x2  
  102  6:28  Supply Depot  
  102  6:30  Marine x2  
  102  6:31  Widow Mine  
  106  6:41  Liberator x2  
  106  6:42  Terran Infantry Armor Level 1  
  106  6:48  Marine x4  
  106  6:50  Supply Depot  
  106  6:51  Widow Mine  
  112  6:54  Supply Depot  
  112  7:00  Widow Mine  
  117  7:07  Marine x2, Marauder x2  
  120  7:12  Supply Depot  
  119  7:17  Command Center  
  115  7:34  Marine x2, Marauder  
  115  7:35  Marauder  
  107  7:41  Widow Mine, Medivac x2  
  107  7:42  Widow Mine  
  91  7:53  Barracks  
  91  7:54  Barracks  
  91  7:56  Marine x2, Marauder x2  
  91  7:57  Liberator x2  
  95  7:58  SCV x2  
  96  8:13  Widow Mine x2  
  96  8:17  SCV x2  
  96  8:18  Marauder x2  
  112  8:21  Marine x2  
  111  8:29  SCV x2  
  111  8:39  Marine x2, Marauder x2  
  111  8:40  Orbital Command  
  117  8:41  SCV  
  117  8:42  SCV  
  119  8:50  Barracks Tech Lab, Barracks Reactor  
  119  8:53  Armory  
  119  9:00  Widow Mine  
  119  9:01  Widow Mine  
  123  9:03  Marine x2, Marauder x2  
  129  9:10  Marauder  
  129  9:13  Engineering Bay  
  129  9:16  Supply Depot  
Show
View Real Time Build Order
Export as new Build Order

Trust Protoss 

Build Orders: 1 Gate Expand, Oracle Opening, Phoenix Opening 

Get SALT Encoding   

  12  0:00  Probe (Chrono Boost)  
  13  0:11  Probe (Chrono Boost)  
  14  0:17  Pylon  
  14  0:22  Probe (Chrono Boost)  
  16  0:35  Probe (Chrono Boost)  
  16  0:36  Gateway  
  16  0:41  Assimilator  
  16  0:46  Probe (Chrono Boost)  
  17  0:56  Probe (Chrono Boost)  
  18  1:07  Probe (Chrono Boost)  
  19  1:16  Nexus  
  19  1:26  Cybernetics Core  
  19  1:29  Probe (Chrono Boost)  
  20  1:33  Assimilator  
  20  1:39  Probe (Chrono Boost)  
  21  1:43  Pylon  
  21  1:50  Probe (Chrono Boost)  
  22  1:59  Adept  
  23  2:01  Probe (Chrono Boost)  
  23  2:02  Warp Gate  
  26  2:16  Probe (Chrono Boost)  
  26  2:20  Stargate  
  26  2:22  Adept  
  26  2:28  Probe (Chrono Boost)  
  29  2:32  Probe (Chrono Boost)  
  30  2:40  Probe (Chrono Boost)  
  30  2:43  Probe (Chrono Boost)  
  31  2:49  Adept  
  30  2:52  Probe (Chrono Boost)  
  30  2:56  Probe (Chrono Boost)  
  33  2:59  Oracle  
  33  3:04  Probe (Chrono Boost)  
  37  3:08  Probe (Chrono Boost)  
  37  3:12  Pylon  
  38  3:16  Probe (Chrono Boost)  
  38  3:18  Probe (Chrono Boost)  
  41  3:28  Probe (Chrono Boost)  
  41  3:29  Probe (Chrono Boost)  
  41  3:31  Phoenix  
  42  3:39  Pylon, Probe (Chrono Boost)  
  47  3:42  Mothership Core (Chrono Boost)  
  47  3:45  Gateway x2  
  47  3:50  Probe (Chrono Boost)  
  46  4:00  Phoenix  
  42  4:07  Probe (Chrono Boost)  
  42  4:08  Probe (Chrono Boost)  
  46  4:17  Probe (Chrono Boost)  
  46  4:19  Nexus  
  46  4:20  Pylon, Probe (Chrono Boost)  
  48  4:28  Probe (Chrono Boost)  
  50  4:32  Phoenix, Probe (Chrono Boost)  
  53  4:38  Probe (Chrono Boost)  
  53  4:41  Robotics Facility  
  53  4:43  Assimilator  
  53  4:44  Assimilator, Probe (Chrono Boost)  
  54  4:49  Probe (Chrono Boost)  
  55  4:56  Probe (Chrono Boost)  
  55  4:58  Twilight Council  
  55  4:59  Probe (Chrono Boost)  
  57  5:09  Probe (Chrono Boost)  
  57  5:10  Probe (Chrono Boost)  
  57  5:11  Adept x3  
  65  5:19  Probe (Chrono Boost)  
  65  5:20  Pylon, Probe (Chrono Boost)  
  65  5:21  Forge, Resonating Glaives  
  67  5:24  Phoenix  
  69  5:28  Observer  
  69  5:31  Probe (Chrono Boost)  
  69  5:32  Probe x2 (Chrono Boost)  
  71  5:43  Probe (Chrono Boost)  
  71  5:44  Probe (Chrono Boost), Adept x2  
  71  5:45  Adept  
  79  5:50  Observer  
  79  5:52  Probe (Chrono Boost)  
  79  5:53  Protoss Ground Weapons Level 1  
  79  5:54  Phoenix  
  79  5:55  Pylon, Probe (Chrono Boost)  
  79  5:57  Probe (Chrono Boost)  
  84  6:06  Probe (Chrono Boost)  
  84  6:09  Gateway x2  
  84  6:10  Gateway  
  85  6:20  Adept  
  85  6:21  Adept x2  
  91  6:26  Pylon  
  91  6:28  Pylon  
  91  6:31  Gateway  
  90  6:42  Immortal  
  90  6:44  Stalker x3  
  100  6:52  Assimilator  
  100  6:53  Assimilator  
  100  6:54  Pylon  
  100  7:01  Probe x2 (Chrono Boost)  
  102  7:07  Pylon  
  102  7:08  Pylon  
  102  7:09  Pylon  
  102  7:10  Pylon  
  102  7:14  Stalker x2  
  106  7:17  Stalker  
  106  7:22  Immortal  
  99  7:33  Stalker x4  
  94  7:39  Adept x2  
  94  7:43  Adept  
  88  7:48  Mothership Core (Chrono Boost)  
  75  7:58  Observer  
  75  7:59  Adept x3  
  75  8:00  Pylon, Adept x3  
  88  8:09  Phoenix  
  90  8:15  Stalker  
  92  8:23  Stalker  
  92  8:24  Stalker x2  
  88  8:27  Adept x3  
  78  8:38  Warp Prism  
  74  8:55  Adept x6  
  78  8:59  Pylon  
  78  9:00  Pylon  
  78  9:01  Adept  
  88  9:09  Pylon  
  88  9:17  Gateway x2  

Tags
 
Add a new tag
Caveats
  • Supply blocks, unpowered buildings, or Contaminate may cause inaccurate times.
  • Supply counts are checked every 10 seconds.